 Dungeon Crawl Stone Soup version 0.32-a0-468-g38b2580584 (webtiles) character file.

Game seed: 10082953316239973194

9 ezpacito the Trooper (level 2, -4/24 HPs)
             Began as a Demonspawn Chaos Knight on Feb 24, 2024.
             Was a Plaything of Xom.
             Frozen to death by an endoplasm (5 damage)
             ... on level 1 of the Dungeon.
             The game lasted 00:00:17 (137 turns).

ezpacito the Trooper (Demonspawn Chaos Knight)       Turns: 137, Time: 00:00:18

Health: -4/24      AC:  5    Str: 12    XL:     2   Next: 3%
Magic:  2/2        EV: 11    Int: 12    God:    Xom [..*...]
Gold:   14         SH:  0    Dex: 12    Spells: 1/1 levels left

rFire   . . .        a - +0 hand axe (chaos)
rCold   . . .        (no shield)
rNeg    . . .        b - +2 leather armour
rPois   .            (no helmet)
rElec   .            (no cloak)
rCorr   .            (no gloves)
SInv    .            (no boots)
Will    .....        (no amulet)
Stlth   +            (no ring)
HPRegen 0.24/turn    (no ring)
MPRegen 0.08/turn

%: no passive effects
@: no status effects
A: ignite blood 1
a: Renounce Religion


You were on level 1 of the Dungeon.
You worshipped Xom.
You were a toy of Xom.
You visited 1 branch of the dungeon, and saw 1 of its levels.

You collected 14 gold pieces.

Inventory:

Hand Weapons
 a - a +0 hand axe of chaos (weapon)
Armour
 b - a +2 leather armour (worn)
Scrolls
 c - a scroll of butterflies
 d - a scroll of teleportation {unknown}
 e - a scroll of fear {unknown}


   Skills:
 * Level 3.0 Fighting
 * Level 2.8 Axes
 + Level 0.1(1.6) Polearms
 * Level 2.0 Armour
 * Level 1.0 Dodging
 + Level 0.1 Stealth
 * Level 0.3 Unarmed Combat
 * Level 0.1 Spellcasting


You had one spell level left.
You didn't know any spells.
Your spell library was empty.

Dungeon Overview and Level Annotations

Branches:
Dungeon (1/15)

Altars:


Innate Abilities, Weirdness & Mutations

Your demonic aura sometimes causes spilled blood to erupt in flames.


Message History

You hit the endoplasm. The endoplasm freezes you.
You are frozen.
The dart slug barely misses you.
The endoplasm hits you but does no damage.
You hit the dart slug.
You kill the dart slug!
You hit the endoplasm. You burn the endoplasm. The endoplasm freezes you.
You are frozen.
The endoplasm freezes you.
You are frozen.
* * * LOW HITPOINT WARNING * * *
Your Armour skill increases to level 2!
You have reached level 2!
Your demonic ancestry asserts itself...
Your blood heats up.
You are too injured to fight recklessly!
You are too injured to fight recklessly!
You are too injured to fight recklessly!
You are too injured to fight recklessly!
You are too injured to fight recklessly!
You barely miss the endoplasm.
The endoplasm is heavily wounded.
The endoplasm freezes you.
You are frozen.
* * * LOW HITPOINT WARNING * * *
The endoplasm freezes you.
You are frozen.
* * * LOW HITPOINT WARNING * * *
You barely miss the endoplasm.
The endoplasm is heavily wounded.
The endoplasm closely misses you.
You hit the endoplasm. You burn the endoplasm.
The endoplasm is almost dead.
The endoplasm freezes you.
You are frozen.
* * * LOW HITPOINT WARNING * * *
The endoplasm freezes you.
You are frozen.
You die...

.....#
.....#
###.....#
...$.$...
#.......#
#.......#
#†J.....#
..###@..).#
#.#....$..#
#.#.#....?#
#.#.#.#.###
#.#...#.#
#.......#
#.†.....#
#..)....#
#.#######


You could see an endoplasm (fast).

Vanquished Creatures
  A dart slug (D:1)
  An endoplasm (D:1)
  A hobgoblin (D:1)
  A quokka (D:1)
  A frilled lizard (D:1)
  A kobold (D:1)
  A rat (D:1)
7 creatures vanquished.

Notes
Turn   | Place    | Note
-------+----------+-------------------------------------------
     0 | D:1      | ezpacito the Demonspawn Chaos Knight began the quest for
                  | the Orb.
     0 | D:1      | Reached XP level 1. HP: 18/18 MP: 1/1
    46 | D:1      | XOM: butterfly on damage
   123 | D:1      | Reached skill level 1 in Dodging
   135 | D:1      | Gained mutation: Your demonic aura sometimes causes spilled
                  | blood to erupt in flames. [demonic ancestry]
   135 | D:1      | Reached XP level 2. HP: 7/24 MP: 2/2
   137 | D:1      | HP: 1/24 [frozen (2)]
   137 | D:1      | Frozen to death by an endoplasm

Illustrated notes

Levels and vault maps discovered:
D:1:      wheals_arrival_shading, layout_basic, minmay_gold_behind_fungi

Skill      XL: |  1 |
---------------+----+-----
Dodging        | 1 |  1.0
Armour         | 2 |  2.0
Fighting       | |  3.0
Axes           | |  2.8
Polearms       | |  0.1
Stealth        | |  0.1
Unarmed Combat | |  0.3
Spellcasting   | |  0.1

Action                     || total
---------------------------++-------
  Melee: Hand axe          ||    25
   Stab: Sleeping          ||     1
 Armour: Leather armour    ||    13
  Dodge: Dodged            ||    10

Table legend: (Time is in decaauts)
 A = Elapsed time spent in this place.
 B = Non-inter-level travel time spent in this place.
 C = Inter-level travel time spent in this place.
 D = Time resting spent in this place.
 E = Time spent auto-exploring this place.
 F = Levels seen in this place.
 G = Mean time per level.
                   A        B        C        D        E       F      G
               +--------+--------+--------+--------+--------+-----+--------+
         Total |    140 |    140 |      0 |      0 |     90 |   1 |  140.0 |
       Dungeon |    140 |    140 |      0 |      0 |     90 |   1 |  140.0 |
               +--------+--------+--------+--------+--------+-----+--------+

Top non-repeatable levels by time:
     D:1: 140 daAuts
